Map: Miasto szlamu

Players

Snake

  • Race: Protoss Protoss
  • League: Platinum
  • Spawn Location: 11:00

DoReMe

  • Race: Zerg Zerg
  • League: Platinum
  • Spawn Location: 9:00

Akri - Winner!

  • Race: Zerg Zerg
  • Spawn Location: 5:00

Parcha - Winner!

  • Race: Protoss Protoss
  • Spawn Location: 5:00

VOD

Have the link to the VOD?

Description

Time

  • Played on: Dec. 10, 2023, 11:30 a.m.
  • Length: 10:55
Show
View Real Time Build Order
Export as new Build Order

Snake Protoss 

Build Orders:  

Get SALT Encoding   

  12  0:00  Probe  
  13  0:12  Probe  
  14  0:18  Pylon  
  14  0:24  Probe  
  15  0:36  Probe  
  16  0:42  Gateway  
  16  0:48  Probe  
  17  0:50  Assimilator  
  17  1:12  Probe (Chrono Boost)  
  18  1:23  Probe (Chrono Boost)  
  18  1:24  Assimilator  
  19  1:28  Probe (Chrono Boost)  
  20  1:35  Cybernetics Core  
  20  1:43  Gateway  
  20  1:47  Pylon  
  20  1:50  Zealot  
  22  1:57  Probe  
  23  2:26  Warp Gate  
  23  2:29  Robotics Facility  
  23  2:36  Probe (Chrono Boost)  
  24  2:46  Probe (Chrono Boost)  
  24  2:47  Nexus  
  25  2:57  Stalker  
  27  3:07  Probe  
  27  3:08  Stalker  
  30  3:16  Observer  
  30  3:19  Pylon  
  31  3:25  Pylon  
  31  3:37  Probe, Adept  
  34  3:44  Stalker  
  34  3:48  Observer  
  37  3:51  Probe  
  38  4:01  Gateway  
  38  4:04  Probe  
  38  4:05  Pylon  
  38  4:08  Probe  
  40  4:19  Zealot  
  42  4:34  Probe x2  
  44  4:46  Probe x2, Warp Prism  
  44  4:50  Stalker x2  
  52  5:17  Zealot x3  
  58  5:22  Twilight Council  
  58  5:25  Gateway  
  58  5:29  Probe  
  58  5:31  Assimilator  
  58  5:33  Pylon  
  59  5:36  Pylon  
  59  5:38  Assimilator  
  59  5:41  Probe  
  59  5:42  Probe  
  61  5:48  Zealot x3  
  67  5:53  Probe  
  67  5:54  Probe  
  69  6:06  Probe  
  70  6:17  Stalker  
  70  6:18  Stalker x2  
  76  6:23  Immortal (Chrono Boost)  
  80  6:41  Shield Battery  
  80  6:46  Forge, Charge (Chrono Boost)  
  80  6:53  Stalker x2  
  84  6:54  Stalker  
  86  7:03  Pylon  
  86  7:21  Immortal  
  90  7:24  Pylon  
  90  7:25  Pylon  
  89  7:40  Zealot  
  89  7:41  Zealot  
  89  7:43  Zealot x2  
  69  8:13  Zealot  
  69  8:14  Zealot x3  
  53  8:53  Stalker x4  
  53  9:16  Zealot x2  
  57  9:17  Zealot x2  
  55  9:45  Zealot  
  57  9:46  Zealot x2  
  43  10:02  Stalker x4  
  43  10:04  Immortal  
  47  10:33  Stalker x2  
  47  10:34  Stalker x2  
Show
View Real Time Build Order
Export as new Build Order

DoReMe Zerg 

Build Orders: Hatch First 

Get SALT Encoding   

  12  0:01  Drone  
  13  0:08  Drone  
  14  0:18  Overlord  
  14  0:36  Drone  
  14  0:37  Drone x2  
  17  0:55  Drone  
  18  0:57  Hatchery  
  17  1:10  Drone x2  
  19  1:14  Extractor  
  18  1:19  Spawning Pool  
  18  1:23  Drone  
  18  1:31  Drone  
  19  1:47  Drone  
  19  1:52  Drone  
  21  2:08  Queen  
  21  2:14  Zergling x6  
  26  2:18  Queen  
  26  2:20  Overlord  
  28  2:33  Metabolic Boost  
  28  2:41  Drone x4  
  32  2:45  Roach Warren  
  32  2:49  Queen  
  33  3:04  Queen  
  35  3:06  Drone  
  35  3:10  Overlord x3  
  36  3:22  Overlord x3  
  36  3:35  Lair  
  36  3:38  Zergling x10  
  41  3:43  Queen  
  43  3:55  Spore Crawler  
  42  3:56  Spore Crawler  
  41  4:03  Roach x3  
  41  4:04  Roach  
  41  4:08  Drone x3  
  52  4:20  Drone  
  52  4:22  Queen  
  55  4:26  Drone x4  
  59  4:47  Roach x3  
  59  4:50  Hatchery  
  59  4:52  Glial Reconstitution  
  60  5:08  Roach x2  
  64  5:18  Drone  
  64  5:19  Overlord x3  
  65  5:22  Extractor  
  65  5:24  Extractor  
  65  5:25  Extractor  
  62  5:32  Zergling x12  
  62  5:33  Zergling x2  
  69  5:40  Drone x2  
  69  5:41  Drone  
  69  5:42  Drone x3  
  75  5:54  Drone x3  
  78  6:04  Roach x2  
  78  6:05  Roach  
  84  6:14  Evolution Chamber  
  83  6:23  Zergling x4, Infestation Pit  
  83  6:24  Zergling x12  
  90  6:31  Drone x2  
  92  6:38  Drone x3  
  95  6:43  Drone x3  
  95  6:46  Zergling x8  
  102  6:57  Drone x2  
  102  6:58  Drone  
  102  6:59  Extractor  
  104  7:03  Overlord x2  
  104  7:07  Zerg Melee Weapons Level 1, Extractor  
  103  7:11  Zergling x8  
  103  7:12  Zergling x6  
  110  7:24  Overlord x2  
  110  7:25  Overlord  
  110  7:35  Spire  
  109  7:43  Roach  
  113  7:44  Roach x11  
  113  7:45  Roach  
  135  7:54  Hydralisk Den  
  122  8:08  Roach x8  
  121  8:19  Zergling x2  
  115  8:20  Zergling x14  
  102  8:38  Zergling x12  
  102  8:39  Zergling x8  
  64  9:07  Mutalisk x8  
  80  9:12  Grooved Spines  
  80  9:16  Drone x4  
  80  9:17  Drone  
  85  9:28  Zergling x2  
  85  9:29  Zergling x10  
  91  9:35  Overlord  
  50  10:12  Hydralisk x10  
Show
View Real Time Build Order
Export as new Build Order

Akri Zerg - Winner!

Build Orders: Hatch First, Roach Hydra 

Get SALT Encoding   

  12  0:01  Drone  
  13  0:08  Drone  
  14  0:15  Drone, Extractor  
  15  0:38  Hatchery  
  14  0:43  Extractor  
  14  0:44  Drone  
  15  0:50  Overlord  
  15  1:07  Spawning Pool  
  14  1:12  Drone x2  
  14  1:17  Drone  
  17  1:26  Extractor  
  17  1:29  Drone  
  17  1:34  Drone  
  18  1:45  Drone  
  19  1:53  Queen  
  21  1:54  Queen  
  21  2:00  Drone  
  24  2:02  Drone  
  24  2:06  Extractor  
  24  2:07  Overlord  
  24  2:12  Drone  
  25  2:27  Drone x2  
  27  2:30  Drone x2  
  27  2:35  Queen  
  31  2:49  Drone x2  
  33  2:53  Drone x2  
  35  3:00  Overlord  
  35  3:10  Drone  
  36  3:18  Lair  
  36  3:20  Drone x4, Roach Warren  
  39  3:30  Drone x3  
  42  3:34  Extractor  
  42  3:36  Overlord  
  41  3:48  Overlord x2  
  41  3:50  Drone  
  41  3:53  Drone x2  
  41  3:55  Drone, Extractor  
  44  3:56  Drone  
  45  4:13  Roach x4  
  45  4:16  Glial Reconstitution  
  53  4:22  Drone x2  
  55  4:25  Hatchery  
  55  4:26  Roach x4  
  55  4:28  Overlord  
  62  4:39  Roach x3  
  68  4:50  Overlord  
  68  4:53  Roach  
  70  5:08  Roach x3  
  70  5:11  Roach x4  
  70  5:12  Overlord  
  84  5:34  Ravager x4  
  88  5:35  Overlord  
  88  5:36  Overlord x3, Evolution Chamber  
  88  5:37  Evolution Chamber  
  88  5:38  Queen  
  88  5:46  Roach  
  88  5:47  Roach x4  
  98  6:01  Roach x6  
  98  6:02  Roach  
  112  6:08  Overseer  
  112  6:16  Roach  
  112  6:17  Drone x6  
  120  6:21  Zerg Missile Weapons Level 1  
  120  6:25  Zerg Ground Armor Level 1  
  120  6:32  Infestation Pit  
  119  6:34  Overlord  
  119  6:40  Drone  
  119  6:41  Drone x4  
  124  6:48  Pneumatized Carapace  
  124  6:51  Overlord  
  124  6:52  Overlord  
  124  6:53  Overlord  
  124  7:17  Drone x9  
  124  7:18  Drone x2  
  135  7:23  Extractor  
  135  7:25  Extractor  
  135  7:26  Hydralisk Den, Hive  
  132  7:40  Roach x5  
  132  7:41  Roach x3  
  146  8:01  Grooved Spines  
  135  8:08  Roach  
  135  8:09  Roach x5  
  103  8:20  Zerg Missile Weapons Level 2  
  103  8:21  Zerg Ground Armor Level 2  
  103  8:27  Hydralisk x6  
  101  8:28  Lurker Den  
  97  8:52  Hydralisk  
  97  8:53  Hydralisk x5  
  103  9:01  Hatchery  
  102  9:06  Muscular Augments  
  94  9:24  Roach  
  94  9:25  Roach x14  
  124  9:49  Hydralisk  
  124  9:50  Hydralisk x6  
  138  9:56  Hatchery  
  131  10:01  Hydralisk  
  131  10:02  Hydralisk x7  
  145  10:11  Drone  
  145  10:12  Drone x4  
  150  10:26  Hydralisk x5  
Show
View Real Time Build Order
Export as new Build Order

Parcha Protoss - Winner!

Build Orders: Mass Adepts 

Get SALT Encoding   

  12  0:00  Probe  
  13  0:12  Probe  
  14  0:18  Pylon  
  14  0:24  Probe  
  15  0:36  Probe  
  15  0:38  Gateway  
  16  0:44  Assimilator  
  16  0:50  Probe  
  17  1:01  Gateway  
  17  1:11  Probe  
  17  1:15  Assimilator  
  18  1:23  Probe  
  19  1:27  Cybernetics Core  
  19  1:38  Pylon  
  19  1:39  Probe  
  20  2:00  Probe  
  21  2:04  Adept x2  
  25  2:13  Gateway  
  25  2:36  Adept  
  25  2:37  Adept  
  28  2:39  Warp Gate  
  28  3:02  Nexus  
  28  3:10  Adept  
  30  3:20  Pylon  
  30  3:37  Probe  
  30  3:38  Adept x2  
  35  3:43  Adept  
  37  3:52  Pylon  
  37  4:02  Twilight Council  
  37  4:06  Probe  
  38  4:14  Probe  
  39  4:36  Adept x3  
  39  4:38  Resonating Glaives (Chrono Boost)  
  45  4:48  Probe x2  
  47  4:53  Assimilator  
  47  5:00  Probe  
  48  5:24  Stalker  
  48  5:25  Stalker x2  
  54  5:38  Probe  
  54  5:39  Probe, Gateway x2  
  54  5:41  Forge  
  54  5:42  Forge  
  56  5:48  Adept  
  58  5:50  Probe  
  58  5:51  Adept  
  61  6:06  Protoss Ground Armor Level 1, Protoss Ground Weapons Level 1  
  61  6:21  Pylon  
  61  6:25  Probe  
  62  6:27  Blink (Chrono Boost)  
  62  6:32  Pylon  
  62  6:36  Pylon  
  62  6:39  Probe x2  
  64  6:40  Pylon  
  64  6:44  Stalker x3  
  70  7:08  Adept x5  
  78  7:12  Probe x2  
  82  7:19  Assimilator  
  82  7:24  Probe x2  
  84  7:36  Probe x2  
  86  7:45  Stalker x2  
  86  7:46  Stalker x2  
  86  7:48  Nexus  
  93  8:05  Protoss Ground Armor Level 2 (Chrono Boost), Protoss Ground Weapons Level 2 (Chrono Boost)  
  93  8:12  Pylon  
  93  8:14  Pylon  
  93  8:16  Pylon  
  93  8:18  Pylon  
  82  8:41  Probe x2  
  80  8:44  Charge  
  78  8:53  Probe x2  
  70  8:57  Adept  
  70  8:58  Adept x4  
  80  9:05  Probe x2  
  80  9:08  Gateway  
  82  9:10  Gateway  
  82  9:12  Gateway  
  82  9:13  Gateway  
  82  9:15  Gateway  
  82  9:17  Probe  
  82  9:22  Zealot x5  
  65  9:42  Stalker  
  65  9:43  Stalker x2  
  68  10:06  Stalker x2  
  72  10:07  Stalker  
  68  10:44  Adept  
  68  10:51  Nexus  
Tags
 
Add a new tag
Caveats
  • Supply blocks, unpowered buildings, or Contaminate may cause inaccurate times.
  • Supply counts are checked every 10 seconds.